 Dungeon Crawl Stone Soup version 0.31-a0-210-gccc998df9b (webtiles) character file.

Game seed: 8983855339810523677

119 qw the Shooter (level 5, -1/30 HPs)
             Began as a Gargoyle Hexslinger on June 30, 2023.
             Slain by an ogre
             ... wielding a +0 giant spiked club
              (28 damage)
             ... on level 4 of the Dungeon.
             The game lasted 00:01:07 (2233 turns).

qw the Shooter (Gargoyle Hexslinger)                Turns: 2233, Time: 00:01:08

Health: -1/30      AC: 10    Str: 18    XL:     5   Next: 3%
Magic:  6/6        EV: 11    Int: 13    God:
Gold:   147        SH:  0    Dex: 14    Spells: 5/6 levels left

rFire   + . .        Y - +1 sling
rCold   . . .        (no shield)
rNeg    + . .        f - +0 ring mail
rPois   inf          (no helmet)
rElec   +            (no cloak)
rCorr   .            k - +0 pair of gloves
SInv    .            (no boots)
Will    .....        (no amulet)
Stlth   +            l - +6 ring of strength
HPRegen 0.25/turn    n - ring of protection from fire
MPRegen 0.10/turn

%: no passive effects
@: no status effects
A: sickness immunity, AC +4, negative energy resistance 1, electricity
resistance, torment resistance 1, petrification resistance
a: no special abilities


You were on level 4 of the Dungeon.
You visited 1 branch of the dungeon, and saw 4 of its levels.

You collected 147 gold pieces.


Innate Abilities, Weirdness & Mutations

You are immune to sickness and miasma.
Your stone body is resilient. (AC +4)
You are immune to poison.
You resist negative energy. (rN+)
You are resistant to electric shocks. (rElec)
You are resistant to unholy torment.
You are immune to petrification.


   Skills:
 - Level 2.0 Fighting
 + Level 4.6 Ranged Weapons
 - Level 1.0 Armour
 - Level 1.5 Dodging
 - Level 1.0 Spellcasting
 - Level 2.6 Hexes


You had 5 spell levels left.
You knew the following spells:

 Your Spells              Type           Power      Damage    Failure   Level
a - Slow                  Hex            28%        N/A       17%         1

Your spell library contained the following spells:

 Spells                   Type           Power      Damage    Failure   Level
 Inner Flame              Hex/Fire       4%         N/A       65%         3
 Portal Projectile        Hex/Tloc       8%         N/A       65%         3
 Cause Fear               Hex            3%         N/A       86%         4

Inventory:

Hand Weapons
 Y - a +1 sling (weapon)
Armour
 f - a +0 ring mail (worn)
 k - a +0 pair of gloves (worn)
Jewellery
 l - a +6 ring of strength (left hand)
 n - a ring of protection from fire (right hand)
Potions
 a - a potion of degeneration {unknown}
 b - a potion of heal wounds
 d - a potion of curing
 e - a potion of ambrosia {unknown}
 h - a potion of attraction {unknown}
 i - a potion of might {unknown}

Dungeon Overview and Level Annotations

Branches:
Dungeon (4/15)
 Temple: D:4-7

Altars:

Shops:
D:1 *   D:2 [


Message History

You shoot a sling bullet.
The sling bullet closely misses the ball python.
The ball python bites you but does no damage.
The ball python constricts you.
The ball python bites you but does no damage.
The ball python constricts you.
You shoot a sling bullet. The sling bullet hits the ball python.
You kill the ball python!
You start resting.
HP restored.
You hear a distant slurping noise.
An ogre and a goblin come into view.
The ogre shouts!
The goblin shouts!
Enter note: You shoot a sling bullet.
The sling bullet hits the goblin.
The goblin is heavily wounded.
You shoot a sling bullet.
The sling bullet closely misses the goblin.
The goblin closely misses you.
You shoot a sling bullet.
The sling bullet closely misses the goblin.
The goblin completely misses you.
A dart slug comes into view.
The goblin barely misses you.
You shoot a sling bullet.
The sling bullet barely misses the goblin.
The goblin hits you but does no damage.
You shoot a sling bullet. The sling bullet hits the goblin.
You kill the goblin!
You shoot a sling bullet.
The sling bullet hits the ogre but does no damage.
The ogre barely misses you.
You shoot a sling bullet. The sling bullet hits the ogre.
The ogre is moderately wounded.
The ogre hits you with a +0 giant spiked club.
You shoot a sling bullet. The sling bullet hits the ogre.
The ogre is moderately wounded.
The ogre hits you with a +0 giant spiked club!!
Ouch! That really hurt!
You die...

##### #....### .
#.wO.# ## ...
#@# .#
#..##.####.#
#..........#
##..##.##.##
##.......#
#######.#
#########.#
.........)######
###
####.###........
...


You could see an ogre and a dart slug.

Vanquished Creatures
  4 adders
  3 dart slugs
  An orc (D:3)
  6 bats
  8 endoplasms
  4 giant cockroaches (D:1)
  6 goblins
  7 hobgoblins
  3 jackals (D:2)
  8 quokkas
  5 ball pythons
  5 frilled lizards
  6 kobolds
  4 rats
70 creatures vanquished.

Notes
Turn   | Place    | Note
-------+----------+-------------------------------------------
     0 | D:1      | qw the Gargoyle Hexslinger began the quest for the Orb.
     0 | D:1      | Reached XP level 1. HP: 12/12 MP: 2/2
     0 | D:1      | 0 ||| qw: Version: 0.3-a-26-gee661ec
     0 | D:1      | 0 ||| qw: Game counter: 7299
     0 | D:1      | 0 ||| qw: Melee chars always use a shield: true
     0 | D:1      | 0 ||| qw: God list: Okawaru
     0 | D:1      | 0 ||| qw: Allow faded altars: false
     0 | D:1      | 0 ||| qw: Do Orc after clearing Dungeon:15 true
     0 | D:1      | 0 ||| qw: Do second Lair branch before Depths: true
     0 | D:1      | 0 ||| qw: Lair rune preference: random
     0 | D:1      | 0 ||| qw: Goals: Normal
     0 | D:1      | 0 ||| PLANNING D:1-11
    50 | D:1      | Reached XP level 2. HP: 9/16 MP: 3/3
   241 | D:1      | Reached skill level 3 in Ranged Weapons
   389 | D:1      | Reached XP level 3. HP: 21/21 MP: 4/4
   584 | D:1      | Found Kodutyt's Assorted Antiques.
   597 | D:1      | 597 ||| SHOPLISTING runed shortbow (120 gold, have 17).
   597 | D:1      | 597 ||| SHOPLISTING sapphire potion (18 gold, have 17).
   597 | D:1      | 597 ||| SHOPLISTING scroll labelled COKLAE GAGECEW (20
                  | gold, have 17).
   597 | D:1      | 597 ||| SHOPLISTING scroll labelled FAPENIHERRU (20 gold,
                  | have 17).
   597 | D:1      | 597 ||| SHOPLISTING scroll labelled ICKEEVAPER (20 gold,
                  | have 17).
   597 | D:1      | 597 ||| SHOPLISTING scroll labelled OBYAWOCIRE (20 gold,
                  | have 17).
   597 | D:1      | 597 ||| SHOPLISTING worn fluorescent wand (80 gold, have
                  | 17).
   764 | D:1      | 764 ||| UPGRADING to +0 ring mail.
   774 | D:1      | 774 ||| DROPPING +0 robe.
   775 | D:1      | 775 ||| READING scroll labelled COKLAE GAGECEW.
   776 | D:1      | 776 ||| DROPPING scroll of poison.
   805 | D:2      | 805 ||| STAIRDANCE
   863 | D:2      | Reached skill level 4 in Ranged Weapons
   863 | D:2      | Reached XP level 4. HP: 23/26 MP: 5/5
  1006 | D:2      | Reached skill level 1 in Armour
  1093 | D:2      | Found Simedues's Antique Armour Shoppe.
  1101 | D:2      | 1101 ||| SHOPLISTING +1 cloak of Starlight {*Dazzle EV+4
                  | Stlth--} (549 gold, have 53).
  1101 | D:2      | 1101 ||| SHOPLISTING cloak (81 gold, have 53).
  1101 | D:2      | 1101 ||| SHOPLISTING quicksilver dragon scales (1080 gold,
                  | have 53).
  1407 | D:2      | 1407 ||| READING scroll labelled OBYAWOCIRE.
  1528 | D:3      | 1528 ||| FLEEEEING.
  1529 | D:3      | 1529 ||| FLEEEEING.
  1533 | D:3      | 1533 ||| FLEEEEING.
  1534 | D:3      | 1534 ||| FLEEEEING.
  1535 | D:3      | 1535 ||| FLEEEEING.
  1884 | D:3      | Reached XP level 5. HP: 27/30 MP: 6/6
  1946 | D:3      | 1946 ||| UPGRADING to +0 pair of gloves.
  1951 | D:3      | 1951 ||| UPGRADING to +6 ring of strength.
  1952 | D:3      | 1952 ||| UPGRADING to ring of protection from fire.
  1953 | D:3      | 1953 ||| READING scroll labelled TIMUQU YNLE.
  1954 | D:3      | 1954 ||| READING scroll labelled MEEBLE ITATY.
  1955 | D:3      | 1955 ||| READING scroll labelled MOK VYQA BERGH.
  1956 | D:3      | 1956 ||| DRINKING 2 sapphire potions.
  1957 | D:3      | 1957 ||| DRINKING 2 glowing golden potions.
  1958 | D:3      | 1958 ||| DRINKING 2 purple potions.
  2000 | D:3      | 2000 ||| DROPPING potion of lignification.
  2225 | D:4      | Noticed an ogre
  2233 | D:4      | Slain by an ogre

Levels and vault maps discovered:
D:1:      scummos_arrival_gate, layout_basic, serial_shops, shop
D:2:      minmay_angry_zag, layout_rooms, serial_shops,
          nicolae_shop_statue_plus, minivault_19, minmay_misc_feat_x
D:3:      layout_basic
D:4:      minmay_thinvault, layout_basic, serial_shops, nicolae_take_the_stairs,
          st_stairs_14, nicolae_kite_square_tiling_tiny, uniq_menkaure

Skill      XL: |  1  2  3  4 |
---------------+-------------+-----
Ranged Weapons | 3 4 |  4.6
Fighting       | 2 |  2.0
Armour         | 1 |  1.0
Dodging        | |  1.5
Spellcasting   | |  1.0
Hexes          | |  2.6

Action                     |  1- 3 |  4- 6 || total
---------------------------+-------+-------++-------
   Fire: Sling             |   130 |   142 ||   272
    Use: Scroll            |     1 |     4 ||     5
         Potion            |       |     3 ||     3
 Armour: Robe              |    11 |       ||    11
         Ring mail         |    17 |    64 ||    81
  Dodge: Dodged            |    52 |    64 ||   116

Table legend:
 A = Non-vault XP
 B = Vault XP
 C = Vault XP percentage of total XP
 D = Non-vault monster count
 E = Vault monster count
 F = Vault count percentage of total count
                 A         B        C        D         E       F
            +---------+---------+-------+---------+---------+-------
      Total |     154 |      17 |   9.9 |      67 |       3 |   4.3
            +---------+---------+-------+---------+---------+-------
        D:1 |      81 |       0 |   0.0 |      38 |       0 |   0.0
        D:2 |      38 |      15 |  28.3 |      16 |       2 |  11.1
        D:3 |      32 |       0 |   0.0 |      11 |       0 |   0.0
        D:4 |       3 |       2 |  40.0 |       2 |       1 |  33.3
            +---------+---------+-------+---------+---------+-------
